 Dungeon Crawl Stone Soup version 0.31-a0-472-g43a2ca8e1b (webtiles) character file.

Game seed: 7106990036176590834

625 Ethylacetat the Changeling (level 7, 0/47 HPs)
             Began as an Octopode Shapeshifter on Aug 6, 2023.
             Succumbed to a killer bee's poison
             ... on level 4 of the Dungeon.
             The game lasted 00:05:07 (3042 turns).

Ethylacetat the Changeling (Octopode Shapeshifter)  Turns: 3042, Time: 00:05:08

Health: 0/47       AC:  8    Str: 14    XL:     7   Next: 47%
Magic:  16/16      EV: 18    Int: 10    God:
Gold:   159        SH:  0    Dex: 15    Spells: 6/6 levels left

rFire   . . .        o - +2 flail (protect)
rCold   + . .        (no shield)
rNeg    . . .        (helmet currently unavailable)
rPois   .            (no amulet)
rElec   .            f - +5 ring of evasion
rCorr   .            a - ring of protection from cold
SInv    +            l - ring of magical power
Will    .....        (no ring)
Stlth   ++           (no ring)
HPRegen 0.27/turn    (no ring)
MPRegen 0.15/turn    (no ring)
                     (no ring)

%: no passive effects
@: lethally poisoned (0 -> -14), about to teleport, beast-form, weak-willed,
under a protective aura, hasted, very quick
A: beast (slay +3), almost no armour, amphibious, 8 rings, camouflage 1,
gelatinous body 1, (nimble swimmer 1), tentacles
a: Begin Untransformation


You were on level 4 of the Dungeon.
You were a hulking beast.
You visited 1 branch of the dungeon, and saw 4 of its levels.

You collected 159 gold pieces.

Inventory:

Hand Weapons
 c - a +2 short sword of speed
 o - a +2 flail of protection (weapon)
Jewellery
 a - a ring of protection from cold (right tentacle)
 f - a +5 ring of evasion (left tentacle)
 l - a ring of magical power (on tentacle)
Talismans
 b - a beast talisman (active)
Wands
 m - a wand of polymorph (5)
Scrolls
 h - 3 scrolls of vulnerability
 j - a scroll of fog {unknown}
 n - a scroll of noise {unknown}
 p - a scroll of fear {unknown}
Potions
 g - 3 potions of might


   Skills:
 + Level 3.8 Fighting
 - Level 2.0 Dodging
 + Level 4.9 Unarmed Combat
 * Level 5.5 Shapeshifting


You had 6 spell levels left.
You didn't know any spells.
Your spell library contained the following spells:

 Spells                   Type           Power      Damage    Failure   Level
 Volatile Blastmotes      Fire/Tloc      0%         2d10      75%         3
 Fulminant Prism          Conj/Hex       0%         3d5       98%         4
 Iskenderun's Mystic Bla  Conj/Tloc      0%         2d3       98%         4


Dungeon Overview and Level Annotations

Branches:
Dungeon (4/15)
 Temple: D:4-7

Altars:
Vehumet


Innate Abilities, Weirdness & Mutations

You are a hulking beast.
Your limbs bulge with bestial killing power. (Slay +3)
You cannot wear most types of armour.
You are amphibious.
You can wear up to eight rings at the same time.
Your skin changes colour to match your surroundings (Stealth+).
Your rubbery body absorbs attacks. (AC +1, EV +1)
((You are camouflaged when in or above water. (Stealth+)))
You have tentacles for arms and can constrict up to eight enemies at once.


Message History

Your weapon exudes an aura of protection.
Your grab misses the killer bee. Your squeeze misses the killer bee.
The killer bee is almost dead.
You feel sick. The killer bee closely misses you. The killer bee stings you.
You are more poisoned.
The killer bee poisons you!
You thump the killer bee!
You kill the killer bee!
You feel sick. The killer bee stings you!
You are more poisoned.
The killer bee poisons you! The killer bee stings you. x2
* * * LOW HITPOINT WARNING * * *
You are more poisoned.
The killer bee poisons you!
Okay, then.
As you read the scroll labelled QAOHAXZOEJ, it crumbles to dust.
Magic quickly surges around you.
It was a scroll of vulnerability.
* * * LOW HITPOINT WARNING * * *
You feel very sick.
The killer bee stings you but does no damage. x2
The killer bee completely misses you. The killer bee stings you.
* * * LOW HITPOINT WARNING * * *
Okay, then.
As you read the scroll labelled UWUXUO YTHRYM, it crumbles to dust.
It is a scroll of enchant armour.
You aren't carrying any armour which can be enchanted further.
* * * LOW HITPOINT WARNING * * *
You feel very sick. The killer bee closely misses you.
The killer bee barely misses you.
As you read the scroll labelled RAUWKIU PITAA, it crumbles to dust.
You feel strangely unstable.
It was a scroll of teleportation.
* * * LOW HITPOINT WARNING * * *
You feel very sick. The killer bee closely misses you. x2
Unknown command.
Okay, then.
As you read the scroll labelled KOSIR ROSILOCE, it crumbles to dust.
You feel aware of your surroundings.
You sensed 1 shop/portal.
It was a scroll of revelation.
You die...

*+#......+,,,,,,,#...........,,,,
,,#......#...$...#...........,,,,
,,#......##+####+#...........,,,,
,>#...................##*********
,,#...................#.,,,,,,,,,
,,+..............B....#.,,,,,,,,,
,,#.............yyy...##***,,,,**
,,#......#'######y###### **,,,,**
,,#......#......hy.##### *,,,,,,+
..#......#....[....##### *,,,,,,*
..#......########..##### ******,,
..#.....)#.....##..#####***,,,,**
..#......#......#....#..,,*,,,,*
..#......#......#....#..,,*,,,,*
..#......##'#######..##.,,*,,,,**
..######..........#+###.,,*,,,,,,
.......#..........+...+,,,*,,,,,,


You could see 5 killer bees and a giant cockroach (weak-willed).

Vanquished Creatures
  The ghost of Ethylacetat the Changeling, an amateur OpSh (D:3)
  Grinder (D:4)
  Edmund (D:4)
  A killer bee (D:4)
  An orc priest (D:4)
  An orc wizard (D:4)
  2 worms (D:2)
  2 orcs (D:4)
  2 ball pythons
  6 endoplasms
  4 giant cockroaches
  5 hobgoblins
  3 jackals (D:2)
  2 quokkas
  4 bats
  A frilled lizard (D:2)
  6 goblins
  7 kobolds
  4 rats
54 creatures vanquished.

Notes
Turn   | Place    | Note
-------+----------+-------------------------------------------
     0 | D:1      | Ethylacetat the Octopode Shapeshifter began the quest for
                  | the Orb.
     0 | D:1      | Reached XP level 1. HP: 13/13 MP: 1/1
   142 | D:1      | Reached XP level 2. HP: 15/18 MP: 2/2
   515 | D:1      | Found a faded altar of an unknown god.
   880 | D:1      | Prayed at the altar of an unknown god.
   880 | D:1      | Became a worshipper of Vehumet
   880 | D:1      | Reached * piety under Vehumet
   880 | D:1      | Offered knowledge of Freeze by Vehumet.
   881 | D:1      | Fell from the grace of Vehumet
   916 | D:2      | Reached XP level 3. HP: 12/23 MP: 3/3
  1969 | D:3      | Found a runed translucent door.
  1969 | D:3      | Noticed Ethylacetat's ghost (amateur OpSh)
  2017 | D:3      | Killed Ethylacetat's ghost
  2018 | D:3      | Reached skill level 4 in Shapeshifting
  2018 | D:3      | Reached XP level 4. HP: 14/30 MP: 4/4
  2018 | D:3      | Reached XP level 5. HP: 17/36 MP: 5/5
  2018 | D:3      | Reached XP level 6. HP: 20/41 MP: 6/6
  2321 | D:3      | Identified the +1 leather armour of the Immovable Friars
                  | {rElec rF+ Will+ Dex-5}
  2557 | D:4      | Noticed Grinder
  2566 | D:4      | Killed Grinder
  2567 | D:4      | Reached skill level 5 in Shapeshifting
  2641 | D:4      | Reached XP level 7. HP: 30/46 MP: 7/7
  2664 | D:4      | HP: 2/46 [something/puff of flame (5)]
  2880 | D:4      | Noticed Edmund
  2894 | D:4      | Killed Edmund
  3041 | D:4      | HP: 2/47 [poisoned by a killer bee]
  3042 | D:4      | Succumbed to a killer bee's poison

Illustrated notes

Levels and vault maps discovered:
D:1:      dpeg_arrival_shrine, layout_loops_ring,
          shapermc_ecumenical_altar_hornbeckon
D:2:      layout_rooms, minmay_crystal_room
D:3:      layout_loops_ring, gammafunk_ghost_grave
D:4:      layout_gridville, serial_shops, shop_statue, uniq_sigmund,
          uniq_grinder, uniq_edmund

Skill      XL: |  1  2  3  4  5  6 |
---------------+-------------------+-----
Fighting       | 2 3 |  3.8
Unarmed Combat | 4 |  4.9
Shapeshifting  | 4 5 |  5.5
Dodging        | |  2.0

Action                     |  1- 3 |  4- 6 |  7- 9 || total
---------------------------+-------+-------+-------++-------
  Melee: Short sword       |    85 |     7 |    30 ||   122
         Unarmed           |     8 |       |       ||     8
         Constrict         |    18 |     2 |     4 ||    24
         Tentacles         |    13 |     3 |     8 ||    24
         Punch             |     2 |     1 |     1 ||     4
         Flail             |       |       |     3 ||     3
 Invoke: Renounce Religion |     1 |       |       ||     1
    Use: Potion            |     3 |     1 |     2 ||     6
         Scroll            |       |       |     4 ||     4
   Stab: Sleeping          |     9 |       |       ||     9
 Armour: Skin              |    19 |     1 |     5 ||    25
  Dodge: Dodged            |    23 |     2 |    24 ||    49

Table legend: (Time is in decaauts)
 A = Elapsed time spent in this place.
 B = Non-inter-level travel time spent in this place.
 C = Inter-level travel time spent in this place.
 D = Time resting spent in this place.
 E = Time spent auto-exploring this place.
 F = Levels seen in this place.
 G = Mean time per level.
                   A        B        C        D        E       F      G
               +--------+--------+--------+--------+--------+-----+--------+
         Total |   2983 |   2844 |    139 |    110 |   2369 |   4 |  745.8 |
       Dungeon |   2983 |   2844 |    139 |    110 |   2369 |   4 |  745.8 |
               +--------+--------+--------+--------+--------+-----+--------+

Top non-repeatable levels by time:
     D:3: 1100 daAuts
     D:1: 897 daAuts
     D:4: 496 daAuts
     D:2: 489 daAuts
